Map: Prion Terraces

Players

Miszu - Winner!

  • Race: Terran Terran
  • League: Grandmaster

Soulspirit

  • Race: Zerg Zerg
  • League: Grandmaster

VOD

Have the link to the VOD?

Description

Time

  • Played on: Feb. 19, 2016, 12:56 p.m.
  • Length: 12:25
Show
View Real Time Build Order
Export as new Build Order

Miszu Terran - Winner!

Build Orders: MMM Bio 

Get SALT Encoding   

  12  0:02  SCV  
  13  0:14  SCV  
  14  0:17  Supply Depot  
  14  0:26  SCV  
  15  0:39  SCV  
  16  0:45  Barracks  
  16  0:47  Refinery  
  16  0:51  SCV  
  17  1:03  SCV  
  18  1:15  SCV  
  19  1:31  Orbital Command  
  19  1:34  Barracks Reactor  
  19  1:40  Command Center  
  19  1:47  Supply Depot  
  19  1:58  SCV  
  20  2:10  SCV  
  20  2:11  Reaper x2  
  23  2:22  SCV  
  24  2:26  Command Center  
  24  2:34  SCV  
  27  2:45  Reaper x2  
  27  2:47  SCV  
  28  2:51  Orbital Command  
  28  2:53  Refinery  
  28  2:59  SCV  
  29  3:11  SCV  
  29  3:12  Barracks  
  30  3:14  Barracks  
  30  3:18  SCV  
  31  3:24  Reaper x2, SCV  
  34  3:30  SCV  
  35  3:36  SCV  
  36  3:42  SCV  
  36  3:45  Orbital Command  
  37  3:48  SCV  
  37  3:54  SCV  
  39  4:01  Marine x2  
  41  4:02  Barracks Tech Lab  
  41  4:03  Barracks Tech Lab, SCV  
  41  4:06  SCV  
  41  4:07  Factory  
  43  4:14  Refinery  
  43  4:15  Refinery, SCV  
  43  4:16  SCV  
  45  4:18  SCV  
  45  4:19  Marine x2  
  45  4:20  Engineering Bay x2  
  45  4:23  Supply Depot  
  48  4:25  Supply Depot, Marine x2  
  48  4:27  Stimpack  
  48  4:30  SCV  
  51  4:32  Combat Shields  
  51  4:34  SCV  
  51  4:37  Marine x2  
  51  4:38  Orbital Command  
  55  4:43  Marine x2  
  55  4:44  SCV  
  57  4:46  SCV  
  57  4:48  Terran Infantry Armor Level 1  
  58  4:53  Terran Infantry Weapons Level 1  
  58  4:55  Marine x2  
  58  4:57  SCV  
  61  5:01  Marine x2  
  61  5:03  Supply Depot x2  
  61  5:04  SCV  
  61  5:05  SCV  
  65  5:09  SCV  
  65  5:10  Starport  
  65  5:11  Factory Reactor  
  66  5:16  SCV  
  66  5:17  SCV  
  66  5:18  Marine  
  66  5:19  Marine  
  66  5:21  SCV  
  71  5:24  Marine  
  71  5:26  Marine  
  73  5:28  SCV  
  73  5:29  SCV  
  73  5:33  SCV  
  73  5:35  Supply Depot  
  76  5:36  Bunker  
  76  5:38  Supply Depot  
  76  5:39  Marine x2  
  76  5:41  Marine, SCV x2  
  81  5:45  Marine, SCV  
  83  5:53  SCV x2  
  83  5:54  Factory Tech Lab  
  83  5:57  Marine x2, Medivac x2  
  87  5:59  Marine  
  87  6:03  Marine  
  94  6:06  Barracks  
  94  6:07  Barracks  
  93  6:13  Siege Tank  
  93  6:15  Marine x2  
  93  6:17  Marine  
  97  6:21  Marine  
  97  6:23  SCV x2  
  100  6:27  Medivac x2  
  104  6:33  Marine x2  
  104  6:35  Marine  
  104  6:38  Marine  
  108  6:42  Barracks x2  
  108  6:43  Barracks  
  108  6:45  Factory  
  107  6:51  Marine x2  
  109  6:56  Marauder  
  109  7:07  Supply Depot  
  109  7:08  Supply Depot x2  
  109  7:10  Supply Depot  
  109  7:14  Marine x4  
  109  7:15  Marine, Medivac x2  
  108  7:27  Marauder  
  108  7:28  Siege Tank  
  108  7:33  Marauder  
  96  7:43  Marine  
  91  7:44  Medivac  
  91  7:45  Marine x4  
  91  7:46  Marine x2, Medivac  
  91  7:48  Marauder  
  91  7:51  Armory  
  103  7:54  Marauder  
  103  7:55  Factory Tech Lab  
  105  8:00  Siege Tank  
  105  8:01  Marine  
  105  8:03  Marine x6  
  115  8:09  Marine  
  115  8:14  Medivac  
  115  8:15  Marine  
  115  8:16  Medivac  
  115  8:19  Marine  
  109  8:20  Marine  
  109  8:21  Marine x5  
  101  8:27  Marauder  
  101  8:34  Marauder  
  97  8:37  Marine, Siege Tank  
  97  8:38  Marine x2  
  97  8:39  Marine x4  
  94  8:44  Medivac, Orbital Command  
  94  8:46  Medivac  
  98  8:49  Marauder  
  98  8:51  SCV  
  98  8:53  SCV  
  98  8:55  Marine, Marauder  
  104  8:56  Marine x2  
  104  8:57  Marine x4  
  110  9:03  SCV  
  110  9:05  SCV  
  110  9:07  Terran Infantry Weapons Level 2  
  112  9:10  Terran Infantry Armor Level 2, Marauder  
  112  9:11  SCV  
  112  9:12  Marine  
  112  9:14  Marine x2  
  112  9:15  Marine x4, SCV  
  112  9:16  Marauder  
  125  9:17  SCV  
  125  9:23  SCV  
  127  9:25  Medivac  
  127  9:27  SCV  
  127  9:29  SCV  
  127  9:30  Medivac  
  133  9:49  Supply Depot, Marine x8, Marauder, SCV x3  
  133  9:50  Supply Depot  
  133  9:51  Supply Depot  
  146  9:53  Siege Tank  
  149  10:07  Terran Vehicle Weapons Level 1  
  149  10:10  Marine x5  
  149  10:11  Marine, Siege Tank, SCV x3  
  149  10:12  Marauder x2  
  165  10:18  Marine  
  166  10:23  SCV x2  
  166  10:28  Marine x2  
  158  10:29  Marine  
  158  10:33  Marauder x2  
  164  10:38  Marine  
  164  10:39  Marine x3  
  167  10:44  Missile Turret  
  167  10:46  Marine x2, Missile Turret  
  169  10:50  Missile Turret  
  169  10:54  Marauder x2  
  169  11:04  Marine x2  
  164  11:16  Marauder x2  
  164  11:17  Marine  
  164  11:18  Marine x4  
  168  11:21  Marine  
  168  11:24  Marine  
  173  11:38  Marine x2  
  173  11:39  Marine  
  173  11:51  Marine x2, Marauder  
  173  11:52  Marine x2  
  167  11:54  Marauder  
  167  11:55  Marine  
  167  11:56  Marine  
  167  11:57  Marine  
Show
View Real Time Build Order
Export as new Build Order

Soulspirit Zerg 

Build Orders: Hatch First, Ravager All-In 

Get SALT Encoding   

  12  0:00  Drone  
  13  0:12  Overlord  
  13  0:20  Drone  
  14  0:31  Drone x2  
  14  0:35  Drone  
  17  0:52  Hatchery  
  17  0:54  Drone  
  17  0:58  Drone  
  18  1:10  Extractor  
  17  1:14  Spawning Pool  
  17  1:17  Drone  
  17  1:20  Drone  
  18  1:32  Drone  
  19  1:59  Overlord  
  19  2:00  Zergling x2  
  19  2:01  Zergling x2  
  21  2:04  Queen  
  21  2:06  Queen  
  25  2:16  Roach Warren  
  25  2:19  Drone  
  25  2:20  Drone  
  26  2:23  Drone  
  26  2:28  Drone x2  
  29  2:32  Drone  
  29  2:36  Drone  
  31  2:43  Queen  
  33  2:44  Overlord  
  33  2:47  Drone  
  34  2:54  Drone  
  34  2:57  Drone  
  36  3:05  Hatchery  
  35  3:21  Drone x4  
  35  3:23  Extractor  
  35  3:24  Roach x3  
  35  3:25  Extractor  
  35  3:26  Overlord  
  43  3:48  Roach x4  
  51  3:52  Drone  
  52  3:56  Overlord  
  52  4:08  Overlord x3  
  52  4:17  Ravager x3  
  55  4:25  Drone x3  
  55  4:27  Drone, Hatchery  
  55  4:29  Drone  
  60  4:31  Drone  
  60  4:33  Drone  
  60  4:36  Drone  
  60  4:38  Ravager x2  
  64  4:53  Lair  
  64  5:01  Roach  
  64  5:02  Roach x3  
  64  5:03  Overlord  
  64  5:06  Roach x2  
  76  5:11  Overlord x2  
  76  5:21  Overlord x2  
  76  5:24  Roach x2  
  80  5:30  Ravager x2  
  80  5:34  Drone x3  
  85  5:35  Extractor  
  85  5:36  Drone  
  85  5:43  Roach  
  85  5:44  Roach x3  
  95  5:50  Roach  
  95  5:52  Roach  
  97  6:01  Roach x2  
  97  6:03  Overlord  
  101  6:05  Glial Reconstitution  
  100  6:15  Roach x3  
  106  6:20  Ravager  
  106  6:24  Extractor, Drone x6  
  106  6:25  Extractor  
  111  6:42  Roach x7  
  125  6:52  Roach x2  
  129  6:59  Overlord x3  
  121  7:16  Roach  
  121  7:17  Roach x6  
  121  7:19  Roach x2  
  133  7:32  Roach x5  
  133  7:33  Roach  
  121  7:44  Roach x5  
  115  7:50  Ravager  
  115  7:51  Ravager x5  
  129  7:53  Ravager  
  129  7:55  Roach  
  129  7:56  Roach  
  134  7:59  Overseer  
  134  8:02  Drone x3  
  134  8:03  Drone  
  134  8:04  Drone x2  
  129  8:24  Roach  
  129  8:25  Roach x9  
  120  8:37  Roach  
  120  8:38  Roach x5  
  132  8:44  Spire  
  124  8:57  Roach x2  
  124  8:58  Roach x4  
  136  9:04  Overseer  
  128  9:39  Overlord x3, Hatchery  
  127  9:55  Mutalisk x9  
  145  10:01  Roach x6  
  145  10:05  Evolution Chamber  
  145  10:06  Evolution Chamber  
  155  10:10  Roach x2  
  155  10:11  Roach  
  159  10:29  Roach  
  159  10:30  Roach x4  
  159  10:33  Overlord x2  
  169  10:45  Infestation Pit  
  169  10:48  Overlord x2  
  167  11:05  Roach x7  
  179  11:30  Ravager  
  179  11:31  Ravager x8  
  184  11:41  Roach x2  
  184  11:42  Roach x5  
  172  11:59  Roach  
  172  12:00  Roach x9  
Tags
 
Add a new tag
Caveats
  • Supply blocks, unpowered buildings, or Contaminate may cause inaccurate times.
  • Supply counts are checked every 10 seconds.